 Dungeon Crawl Stone Soup version 0.21.1-1-g345015fe64 (webtiles) character file.

14977 Dickchan the Swashbuckler (level 11, 0/68 HPs)
             Began as a Vampire Enchanter on June 6, 2018.
             Was an Elder of Kikubaaqudgha.
             Slain by a catoblepas (4 damage)
             ... on level 3 of the Lair of Beasts on June 7, 2018.
             The game lasted 00:34:16 (16172 turns).

Dickchan the Swashbuckler (Vampire Enchanter)      Turns: 16172, Time: 00:34:17

Health: 0/68       AC:  6    Str:  7    XL:     11   Next: 95%
Magic:  4/14       EV:  2    Int: 20    God:    Kikubaaqudgha [****..]
Gold:   775        SH:  0    Dex: 20    Spells: 0/14 levels left

rFire    . . .     SeeInvis +   k - +8 dagger "Janoos" {drain, Dex+4}
rCold    . . .     Gourm    .   (no shield)
rNeg     + + +     Faith    .   b - +0 robe
rPois    ∞         Spirit   .   (no helmet)
rElec    .         Reflect  .   M - +0 cloak
rCorr    .         Harm     .   j - +0 pair of gloves
MR       +....                  r - +1 pair of boots
Stlth    +++.......             (no amulet)
HPRegen  0.21/turn              g - ring of ice
MPRegen  0.14/turn              u - ring of fire

@: petrified
A: fangs 3, see invisible, unbreathing
a: Bat Form, Receive Corpses, Renounce Religion


You were on level 3 of the Lair of Beasts.
You worshipped Kikubaaqudgha.
Kikubaaqudgha was greatly pleased with you.
You were not thirsty.

You visited 3 branches of the dungeon, and saw 15 of its levels.
You also visited: Ossuary.

You collected 775 gold pieces.

Inventory:

Hand Weapons
 a - a +2 dagger
 k - the +8 dagger "Janoos" (weapon) {drain, Dex+4}
   (You found it on level 8 of the Dungeon)

   A truly terrible weapon, it drains the life of those it strikes.
   It affects your dexterity (+4).
 n - a +0 spear of piercing
 y - a +5 scimitar of freezing
 J - a cursed -1 dagger
Armour
 b - a +0 robe (worn)
 j - a +0 pair of gloves (worn)
 r - a +1 pair of boots (worn)
 G - a +0 pair of boots
 M - a +0 cloak (worn)
Magical Staves
 B - an uncursed staff of fire {unknown}
Jewellery
 g - a ring of ice (left hand)
 u - a ring of fire (right hand)
Wands
 h - a wand of digging (5)
 t - a wand of random effects (32)
 x - a wand of polymorph (16)
 H - a wand of paralysis (16)
 K - a wand of scattershot (5)
 L - a wand of enslavement (20)
Scrolls
 d - 2 scrolls of enchant armour
 e - 3 scrolls of blinking
 f - 4 scrolls of teleportation
 i - 8 scrolls of identify
 l - a scroll of enchant weapon
 p - 3 scrolls of remove curse
 E - a scroll of immolation {unknown}
 I - a scroll of silence
 N - a scroll of fear
Potions
 m - 6 potions of curing
 o - a potion of cancellation
 s - 3 potions of haste
 v - 6 potions of heal wounds
 w - 2 potions of brilliance
 z - a potion of berserk rage
 A - a potion of degeneration
 C - a potion of agility
 D - a potion of might
 O - 3 potions of blood
Books
 c - a book of Maledictions

   Spells                             Type                      Level
   a - Corona                         Hexes                        1
   b - Ensorcelled Hibernation        Hexes/Ice                    2
   c - Confuse                        Hexes                        3
   d - Tukima's Dance                 Hexes                        3
   e - Dazzling Spray                 Conjuration/Hexes            3
 q - Kikubaaqudgha's Volume of Stolen Souls
   (Kikubaaqudgha gifted it to you on level 11 of the Dungeon)

   Spells                             Type                      Level
   a - Animate Dead                   Necromancy                   4
   b - Bolt of Draining               Conjuration/Necromancy       5
   c - Borgnjor's Vile Clutch         Necromancy/Earth             5
   d - Dispel Undead                  Necromancy                   5
   e - Death Channel                  Necromancy                   6
 F - Kikubaaqudgha's Catalogue of Necromancy
   (Kikubaaqudgha gifted it to you on level 8 of the Dungeon)

   Spells                             Type                      Level
   a - Pain                           Necromancy                   1
   b - Corpse Rot                     Necromancy                   2
   c - Sublimation of Blood           Necromancy                   2
   d - Regeneration                   Charms/Necromancy            3


   Skills:
 - Level 16.2 Short Blades
 - Level 2.1 Dodging
 - Level 4.4 Stealth
 - Level 2.0 Spellcasting
 - Level 11.1 Hexes
 + Level 9.7 Necromancy


You couldn't memorise any spells.
You knew the following spells:

 Your Spells              Type           Power        Failure   Level  Hunger
a - Ensorcelled Hibernat  Hex/Ice        #####.       2%          2    ##.....
b - Corona                Hex            #####..      1%          1    #......
c - Dazzling Spray        Conj/Hex       ###...       4%          3    ###....
d - Tukima's Dance        Hex            #####...     1%          3    ###....
e - Dispel Undead         Necr           #####...     8%          5    ######.


Dungeon Overview and Level Annotations

Branches:
Dungeon (11/15)            Temple (1/1) D:6            Lair (3/6) D:8
 Shoals (0/4) Lair:2        Snake (0/4) Lair:2
    Orc: D:9-12

Altars:
Ashenzari
Cheibriados
Dithmenos
Elyvilon
Fedhas
Gozag
Hepliaklqana
Kikubaaqudgha
Makhleb
Nemelex Xobeh
Okawaru
Qazlal
Ru
Sif Muna
Trog
Uskayaw
Vehumet
Wu Jian
Xom
Yredelemnul
Zin
The Shining One

Shops:
D:6 [

Annotations:
D:4 Evaline's ghost, novice DrAE
D:5 Tali's ghost, novice MiFi
D:8 Psyche
D:11 kometa's ghost, journeyman SpAs


Innate Abilities, Weirdness & Mutations

You have razor-sharp teeth.
You have supernaturally acute eyesight. (SInv)
You can survive without breathing.


Message History

You hit the catoblepas but do no damage.
You drain the catoblepas!
The catoblepas is severely wounded.
You have turned to stone.
The catoblepas breathes a plume of calcifying dust at you.
The blast of calcifying dust hits you!
You are engulfed in calcifying dust.
The catoblepas gores you!
* * * LOW HITPOINT WARNING * * *
You are engulfed in calcifying dust.
The catoblepas breathes a plume of calcifying dust at you.
The blast of calcifying dust hits you!
You are engulfed in calcifying dust.
The catoblepas breathes a plume of calcifying dust at you.
The blast of calcifying dust hits you!
* * * LOW HITPOINT WARNING * * *
You are engulfed in calcifying dust.
The catoblepas gores you!
* * * LOW HITPOINT WARNING * * *
You are engulfed in calcifying dust.
The catoblepas gores you!
You die...
Kikubaaqudgha rasps: "You have failed me!
Welcome... oblivion!"

## ## #.## #
##P########.####P##
#...#.P.†.Y.......#
#.........@.##....#
#.........§.....#..#
#P......#P§.......$.
#P..###.###.###.#.##
#..###..# ### ..#
##..##..# #..# ..
#......# #.## #.#
#..#.#.# ... #.#
#.###### #.# ##.##


You could see a catoblepas.

Vanquished Creatures
  A hydra (D:9)
  An unseen horror (D:10)
  Pikel (D:8)
  A cyclops (D:10)
  A merfolk siren (Lair:2)
  Joseph (D:8)
  4 spiny frogs
  A rime drake (Lair:3)
  2 komodo dragons
  A troll (D:10)
  A polar bear (Lair:1)
  3 merfolk (Lair:2)
  2 dream sheep (D:9)
  5 hippogriffs
  5 yaks
  Grum (D:8)
  A basilisk (Lair:3)
  An acid dragon (D:7)
  6 water moccasins
  5 porcupines (Lair:1)
  An ice beast (D:9)
  A hornet zombie (D:7)
  An orc warrior (D:10)
  2 sky beasts
  2 phantoms
  7 ogres
  3 necrophages
  2 wolves
  3 centaurs
  4 crocodiles
  4 big kobolds (D:9)
  12 bullfrogs
  An elf zombie (D:6)
  3 elf skeletons (D:6)
  4 scorpions
  12 killer bees
  6 wights
  2 electric eels (Lair:1)
  4 crimson imps
  2 howler monkeys
  A quasit (D:7)
  A bullfrog zombie (D:11)
  A centaur zombie (Ossuary)
  2 human zombies (Ossuary)
  4 hounds
  3 jellies
  A centaur skeleton (D:10)
  An orc priest (D:3)
  5 orc wizards
  Terence (D:3)
  Ijyb (D:5)
  3 iguanas
  4 worker ants
  3 big kobold zombies (Ossuary)
  2 hound zombies (Ossuary)
  A hound skeleton (D:10)
  Robin (D:3)
  3 mummies (Ossuary)
  12 adders
  A howler monkey skeleton (D:6)
  A river rat (D:3)
  3 shadow imps
  3 adder zombies
  2 adder skeletons
  2 worms
  2 dart slugs (D:1)
  2 leopard geckos
  27 orcs
  4 bats
  9 giant cockroaches
  10 goblins
  14 hobgoblins
  25 jackals
  10 kobolds
  3 quokkas
  7 frilled lizards
  3 goblin zombies (Ossuary)
  7 hobgoblin zombies
  6 jackal zombies
  3 kobold zombies (Ossuary)
  A leopard gecko skeleton (D:8)
  An orc skeleton (D:6)
  5 orc zombies
  4 quokka zombies (Ossuary)
  4 rats
  5 rat zombies (Ossuary)
  A plant (Lair:1)
335 creatures vanquished.

Vanquished Creatures (collateral kills)
  An ogre (D:7)
  5 wights
  An orc (D:10)
7 creatures vanquished.

Vanquished Creatures (others)
  3 slaves (D:8)
  An ogre (D:8)
  A quokka (D:8)
  A plant (D:8)
6 creatures vanquished.

Grand Total: 348 creatures vanquished

Notes
Turn   | Place    | Note
-------+----------+-------------------------------------------
     0 | D:1      | Dickchan the Vampire Enchanter began the quest for the Orb.
     0 | D:1      | Reached XP level 1. HP: 13/13 MP: 3/3
     0 | D:1      | You fall through a shaft!
   298 | D:1      | Reached XP level 2. HP: 19/19 MP: 5/5
   302 | D:1      | Learned a level 2 spell: Ensorcelled Hibernation
   416 | D:1      | You fall through a shaft!
   462 | D:1      | Reached skill level 2 in Short Blades
   462 | D:1      | Reached skill level 5 in Hexes
   658 | D:1      | Reached XP level 3. HP: 18/24 MP: 6/6
  2052 | D:3      | Noticed Terence
  2149 | D:3      | Noticed Robin
  2177 | D:3      | Killed Robin
  2177 | D:3      | Reached skill level 3 in Short Blades
  2177 | D:3      | Reached XP level 4. HP: 10/30 MP: 2/7
  2493 | D:3      | Killed Terence
  2723 | D:3      | Reached XP level 5. HP: 11/35 MP: 0/8
  3131 | D:3      | Reached skill level 4 in Short Blades
  4062 | D:3      | Learned a level 3 spell: Dazzling Spray
  4094 | D:3      | Found a sparkling altar of Nemelex Xobeh.
  4293 | D:4      | Noticed Evaline's ghost (novice DrAE)
  4565 | D:4      | Reached XP level 6. HP: 41/41 MP: 9/9
  4682 | D:4      | Reached skill level 5 in Short Blades
  4949 | D:5      | Entered Level 5 of the Dungeon
  5128 | D:5      | Noticed Ijyb
  5138 | D:5      | Killed Ijyb
  5165 | D:5      | Reached XP level 7. HP: 46/46 MP: 6/10
  5185 | D:5      | Reached skill level 6 in Short Blades
  5216 | D:5      | Noticed Tali's ghost (novice MiFi)
  5241 | D:5      | Found an opulent altar of Gozag.
  5706 | D:5      | Reached skill level 10 in Hexes
  5772 | D:5      | Reached skill level 7 in Short Blades
  6276 | D:6      | Learned a level 3 spell: Tukima's Dance
  6286 | D:6      | Reached XP level 8. HP: 47/52 MP: 5/11
  6621 | D:6      | Found a sand-covered staircase.
  6678 | D:6      | Reached skill level 8 in Short Blades
  6757 | Ossuary  | Entered an ossuary
  7189 | Ossuary  | Reached skill level 9 in Short Blades
  7569 | D:6      | Found a staircase to the Ecumenical Temple.
  7606 | Temple   | Entered the Ecumenical Temple
  7724 | Temple   | Became a worshipper of Kikubaaqudgha
  7796 | D:6      | Found Bocee's Armour Shoppe.
  8383 | D:7      | Reached skill level 10 in Short Blades
  8383 | D:7      | Reached XP level 9. HP: 42/57 MP: 8/12
  8728 | D:7      | Reached skill level 11 in Short Blades
  9510 | D:8      | Noticed Pikel
  9516 | D:8      | Killed Pikel
  9516 | D:8      | Reached skill level 12 in Short Blades
  9526 | D:8      | Found a shadowy altar of Dithmenos.
  9533 | D:8      | Noticed Psyche
  9533 | D:8      | Noticed Grum
 10226 | D:8      | Noticed Joseph
 10240 | D:8      | Killed Grum
 10376 | D:8      | Got an ebony dagger
 10377 | D:8      | Identified the +8 dagger "Janoos" {drain, Dex+4} (You found it on level 8 of the Dungeon)
 10414 | D:8      | Found a staircase to the Lair.
 10415 | D:8      | Noticed a komodo dragon
 10527 | D:8      | Killed a komodo dragon
 10527 | D:8      | Reached skill level 13 in Short Blades
 10746 | D:8      | Killed Joseph
 10746 | D:8      | Reached * piety under Kikubaaqudgha
 10746 | D:8      | Identified Kikubaaqudgha's Catalogue of Necromancy (Kikubaaqudgha gifted it to you on level 8 of the Dungeon)
 10746 | D:8      | Received a gift from Kikubaaqudgha
 10746 | D:8      | Reached XP level 10. HP: 41/63 MP: 10/13
 11320 | D:9      | Reached skill level 14 in Short Blades
 11633 | D:9      | Noticed a three-headed hydra
 11637 | D:9      | Killed a three-headed hydra
 11637 | D:9      | Reached skill level 15 in Short Blades
 11719 | D:9      | Reached ** piety under Kikubaaqudgha
 11737 | D:9      | Found a shadowy altar of Dithmenos.
 11740 | D:9      | Found a white marble altar of Elyvilon.
 11743 | D:9      | Found a burning altar of Makhleb.
 11854 | D:10     | Entered Level 10 of the Dungeon
 11927 | D:10     | Noticed an unseen horror
 11953 | D:10     | Killed an unseen horror
 12105 | D:10     | Reached XP level 11. HP: 67/67 MP: 10/14
 12387 | D:10     | Reached skill level 16 in Short Blades
 12689 | D:11     | Noticed kometa's ghost (journeyman SpAs)
 12794 | D:11     | Reached *** piety under Kikubaaqudgha
 12794 | D:11     | Identified Kikubaaqudgha's Volume of Stolen Souls (Kikubaaqudgha gifted it to you on level 11 of the Dungeon)
 12794 | D:11     | Received a gift from Kikubaaqudgha
 12809 | D:10     | Learned a level 5 spell: Dispel Undead
 12869 | Lair:1   | Entered Level 1 of the Lair of Beasts
 12916 | Lair:1   | Reached skill level 1 in Necromancy
 14069 | Lair:1   | Reached skill level 5 in Necromancy
 15005 | Lair:2   | Found a staircase to the Snake Pit.
 15454 | Lair:2   | Found a staircase to the Shoals.
 15946 | Lair:3   | Reached **** piety under Kikubaaqudgha
 16148 | Lair:3   | Noticed a catoblepas
 16172 | Lair:3   | Slain by a catoblepas

Skill      XL: |  1  2  3  4  5  6  7  8  9 10 11 |
---------------+----------------------------------+-----
Short Blades   | 2 3 4 5 7 10 13 15 16 | 16.2
Hexes          | 5 6 7 8 10 11 | 11.1
Necromancy     | 9 |  9.7
Dodging        | |  2.1
Stealth        | |  4.4
Spellcasting   | |  2.0

Action                   |  1- 3 |  4- 6 |  7- 9 | 10-12 || total
-------------------------+-------+-------+-------+-------++-------
Melee: Dagger            |   181 |   265 |   303 |   328 ||  1077
       Bite              |    11 |    20 |    47 |    22 ||   100
       Scimitar          |       |       |   139 |       ||   139
 Cast: Corona            |     8 |       |       |       ||     8
       Ensorcelled Hiber |    11 |    39 |    38 |    91 ||   179
       Tukima's Dance    |       |       |     9 |     5 ||    14
       Dazzling Spray    |       |       |     8 |     6 ||    14
 Abil: End Transformatio |       |     1 |     7 |     2 ||    10
       Bat Form          |       |     1 |     7 |     2 ||    10
Evoke: Wand              |       |     1 |       |       ||     1
  Use: Potion            |     2 |       |     1 |     8 ||    11
       Scroll            |       |       |     8 |     3 ||    11
 Stab: Sleeping          |    13 |    34 |    37 |    70 ||   154
       Distracted        |       |       |     2 |       ||     2
       Invisible         |       |       |       |     3 ||     3
  Eat: Corpse            |     7 |    12 |    16 |    16 ||    51
Armor: Robe              |    31 |    44 |    75 |    53 ||   203
Dodge: Dodged            |   114 |   155 |   195 |   157 ||   621
       Rpst.: Scimitar   |       |       |    26 |       ||    26
